 Dungeon Crawl Stone Soup version 0.17-a0-2109-g117576f (webtiles) character file.

82 Duffy the Shield-Bearer (level 4, 0/35 HPs)
             Began as a Formicid Fighter on Oct 19, 2015.
             Succumbed to an adder's poison
             ... on level 2 of the Dungeon.
             The game lasted 00:01:38 (1431 turns).

Duffy the Shield-Bearer (Formicid Fighter)          Turns: 1431, Time: 00:01:38

Health: 0/35       AC: 10    Str: 26    XL:     4   Next: 70%
Magic:  4/4        EV:  8    Int: 13    God:
Gold:   108        SH: 10    Dex: 10    Spells: 0 memorised, 3 levels left

rFire  . . .     SeeInvis +     a - +0 war axe
rCold  . . .     Clarity  .     b - +0 scale mail
rNeg   . . .     SustAt   .     c - +0 shield
rPois  .         Gourm    .     (helmet unavailable)
rElec  .         Spirit   .     (no cloak)
rCorr  .         Warding  .     (no gloves)
rMut   .         Stasis   +     (no boots)
MR     .....                    (no amulet)
Stlth  ..........               (no ring)
                                (no ring)

@: mighty, brilliant, lethally poisoned (0 -> -6), not resistant to hostile
enchantments, extremely unstealthy
A: permanent stasis, dig shafts and tunnels, four strong arms, antennae 3,
iridescent scales 1
a: Dig, Shaft Self


You were on level 2 of the Dungeon.
You were not hungry.

You visited 1 branch of the dungeon, and saw 2 of its levels.

You collected 108 gold pieces.


Innate Abilities, Weirdness & Mutations

You are under a permanent stasis effect.
You can dig through walls and to a lower floor.
Your four strong arms can wield two-handed weapons with a shield.
You have a pair of large antennae on your head (SInv).
You are partially covered in iridescent scales (AC +4).


   Skills:
 - Level 3.2 Fighting
 + Level 3.6 Axes
 - Level 3.2 Armour
 + Level 4.8 Shields


You had 3 spell levels left.
You didn't know any spells.

Inventory:

Hand Weapons
 a - a +0 war axe (weapon)
Missiles
 f - 46 stones (quivered)
Armour
 b - a +0 scale mail (worn)
 c - a +0 shield (worn)
Scrolls
 i - a scroll of recharging {unknown}
 j - a scroll of identify {unknown}
 k - 2 scrolls of enchant weapon {unknown}
Potions
 g - a potion of brilliance
Comestibles
 e - a bread ration

Dungeon Overview and Level Annotations

Branches:
Dungeon (2/15)

Altars:
Ru


Message History

The adder is lightly wounded.
You feel sick. The adder bites you but does no damage.
The adder bites you but does no damage.
You closely miss the adder.
The adder is lightly wounded.
You block the adder's attack.
You barely miss the adder.
The adder is lightly wounded.
You feel sick. You block the adder's attack. You block the adder's attack.
Drink which item? (? for menu, Esc to quit)
It was a potion of brilliance.
You feel clever all of a sudden. The adder bites you but does no damage.
Drink which item? (? for menu, Esc to quit)
It was a potion of beneficial mutation.
Iridescent scales grow over part of your body.
You feel fantastic! You block the adder's attack.
The adder bites you but does no damage.
You barely miss the adder.
The adder is lightly wounded.
You feel sick. The adder bites you.
You are lethally poisoned!
The adder poisons you!
You hit the adder but do no damage.
The adder is lightly wounded.
You feel sick. The adder barely misses you. You block the adder's attack.
You miss the adder.
The adder is lightly wounded.
You feel sick. You block the adder's attack. The adder barely misses you.
Drink which item? (? for menu, Esc to quit)
You feel very mighty all of a sudden. The adder bites you but does no damage.
You slice the adder!!
You kill the adder!
You die...

#.########
##..§§...≈...≈)..#
#.# ##.#.#.#.#.#.#.##
####.#
.≈...≈...§...≈.#
.....#
.#.#.#.#.#.#..#
.##### ####..######.#
...# ## .# ##.# .#
#.###################
.#
#...........?..@....#
###################.#
#.. #.. ... ..#


There were no monsters in sight!

Action                   |  1- 3 |  4- 6 || total
-------------------------+-------+-------++-------
Melee: War axe           |   105 |    44 ||   149
  Use: Potion            |       |     3 ||     3
  Eat: Chunk             |     1 |     1 ||     2

Notes
Turn   | Place    | Note
--------------------------------------------------------------
     0 | D:1      | Duffy the Formicid Fighter began the quest for the Orb.
     0 | D:1      | Reached XP level 1. HP: 18/18 MP: 1/1
   347 | D:1      | Reached XP level 2. HP: 24/24 MP: 2/2
   395 | D:1      | Reached skill level 4 in Shields
   589 | D:1      | Reached XP level 3. HP: 24/29 MP: 3/3
   669 | D:1      | Reached skill level 3 in Axes
  1130 | D:2      | Found a sacrificial altar of Ru.
  1208 | D:2      | Reached XP level 4. HP: 32/35 MP: 4/4
  1426 | D:2      | Gained mutation: You are partially covered in iridescent scales (AC +4). [potion of beneficial mutation]
  1431 | D:2      | Succumbed to an adder's poison

Vault maps used:
D:1:      sevenhm_arrival_forest_fort_small_3
D:2:      nicolae_ru_the_path_less_chosen, first_bread, kennysheep_crisscross

Vanquished Creatures
  5 adders
  An ooze
  A ball python
  3 hobgoblins
  3 jackals
  5 bats
  2 giant newts
  6 goblins
  7 kobolds
  4 rats
37 creatures vanquished.
